 Dungeon Crawl Stone Soup version 0.32-a0-711-g016ad743e0 (webtiles) character file.

Game seed: 16964831749995089535

16 ytrimaz the Shield-Bearer (level 2, -2/24 HPs)
             Began as a Formicid Fighter on Mar 15, 2024.
             Slain by a hobgoblin (3 damage)
             ... on level 1 of the Dungeon.
             The game lasted 00:00:47 (402 turns).

ytrimaz the Shield-Bearer (Formicid Fighter)         Turns: 402, Time: 00:00:48

Health: -2/24      AC:  6    Str: 20    XL:     2   Next: 75%
Magic:  2/2        EV:  8    Int:  7    God:
Gold:   71         SH:  4    Dex: 13    Spells: 1/1 levels left

rFire   . . .        (no weapon)
rCold   . . .        c - +0 buckler
rNeg    . . .        b - +0 scale mail
rPois   .            (helmet unavailable)
rElec   .            (no cloak)
rCorr   .            (no gloves)
SInv    +            (no boots)
Will    .....        (no amulet) Stlth
                     (no ring)
HPRegen 0.24/turn    (no ring)
MPRegen 0.08/turn

%: no passive effects
@: no status effects
A: permanent stasis, dig shafts and tunnels, antennae 3, four strong arms
a: Dig, Shaft Self


You were on level 1 of the Dungeon.
You visited 1 branch of the dungeon, and saw 1 of its levels.

You collected 71 gold pieces.


Innate Abilities, Weirdness & Mutations

You cannot be hasted, slowed, berserked, paralysed or teleported.
You can dig through walls and to a lower floor.
You have a pair of large antennae on your head. (SInv)
Your four strong arms can wield two-handed weapons with a shield.


   Skills:
 + Level 3.4 Fighting
 - Level 2.0 Axes
 - Level 3.4 Armour
 - Level 4.2 Shields
 + Level 0.5 Unarmed Combat
 * Level 1.0 Shapeshifting


You had one spell level left.
You didn't know any spells.
Your spell library was empty.

Inventory:

Hand Weapons
 a - a +0 war axe
Armour
 b - a +0 scale mail (worn)
 c - a +0 buckler (worn)
Talismans
 e - a granite talisman
   (You found it on level 1 of the Dungeon)
Scrolls
 f - a scroll of identify {unknown}
 h - a scroll of torment {unknown}
 i - a scroll of fog {unknown}
Potions
 d - a potion of might
 g - a potion of ambrosia {unknown}
 j - a potion of mutation {unknown}

Dungeon Overview and Level Annotations

Branches:
Dungeon (1/15) Zot: 5594

Altars:

#... ....).
#......... #........
##....... .......
#..#.# # #..#.#.####
###.@B.....# ####
###....g..##.#
#####..####....b..###
#...โ€
..รท##..#..#.###
#.#####.#..........#
..# ##............#
.#####.............##
## #.................
####.####...........#


You could see a giant cockroach, a hobgoblin and a bat.


Message History

You are frozen.
* * * LOW HITPOINT WARNING * * *
The hobgoblin hits you but does no damage.
The giant cockroach bites you but does no damage. ๐Ÿ˜จ HP[-3]
You take 3 damage, and now have 10/24 hp.
Unknown command.
You barely miss the endoplasm. The bat hits you but does no damage. x2
The endoplasm freezes you.
You are frozen.
* * * LOW HITPOINT WARNING * * *
The hobgoblin barely misses you.
The giant cockroach bites you but does no damage. ๐Ÿ˜จ HP[-3]
You take 3 damage, and now have 7/24 hp.
Unknown command.
You hit the endoplasm. The bat hits you but does no damage.
You block the bat's attack. You block the giant cockroach's attack.
The endoplasm barely misses you.
The hobgoblin hits you but does no damage.
The bat barely misses you. ๐Ÿ˜จ HP[+1]
You hit the endoplasm. The bat hits you but does no damage.
You block the giant cockroach's attack. You block the endoplasm's attack.
The hobgoblin barely misses you.
Unknown command.
You barely miss the endoplasm. The bat hits you.
* * * LOW HITPOINT WARNING * * *
The giant cockroach waves its antennae.
The giant cockroach barely misses you.
The endoplasm hits you but does no damage.
The hobgoblin hits you but does no damage. ๐Ÿ˜จ HP[-1]
You take 1 damage, and now have 7/24 hp.
Unknown command.
You barely miss the endoplasm.
The giant cockroach bites you but does no damage.
The endoplasm freezes you.
You are frozen.
* * * LOW HITPOINT WARNING * * *
The hobgoblin closely misses you. The bat hits you but does no damage.
The giant cockroach bites you but does no damage. ๐Ÿ˜ฑ HP[-1]
You take 1 damage, and now have 6/24 hp.
Unknown command.
You hit the endoplasm. The bat hits you but does no damage.
The bat closely misses you. You block the giant cockroach's attack.
The endoplasm barely misses you. The hobgoblin hits you.
* * * LOW HITPOINT WARNING * * *
๐Ÿ˜ฑ HP[-1]
You take 1 damage, and now have 5/24 hp.
You hit the endoplasm but do no damage. The bat completely misses you.
The giant cockroach closely misses you. You block the endoplasm's attack.
The hobgoblin completely misses you.
Unknown command.
You barely miss the endoplasm.
The giant cockroach bites you but does no damage.
The hobgoblin barely misses you.
The endoplasm hits you but does no damage.
The giant cockroach bites you but does no damage.
Unknown command.
You are too injured to fight recklessly!
You hit the endoplasm.
You kill the endoplasm!
The bat hits you but does no damage. The hobgoblin closely misses you.
You block the giant cockroach's attack.
You are too injured to fight recklessly!
Unknown command.
The bat hits you but does no damage. The hobgoblin closely misses you.
The giant cockroach completely misses you. ๐Ÿ˜ฑ HP[+1]
You are too injured to fight recklessly!
Unknown command.
You are too injured to fight recklessly!
You closely miss the giant cockroach. The bat closely misses you.
The hobgoblin misses you. The giant cockroach bites you.
* * * LOW HITPOINT WARNING * * *
๐Ÿ˜ฑ HP[-1]
You take 1 damage, and now have 5/24 hp.
You are too injured to fight recklessly!
Unknown command.
You hit the giant cockroach but do no damage.
The bat barely misses you. The giant cockroach closely misses you.
The hobgoblin barely misses you.
You barely miss the giant cockroach. You block the giant cockroach's attack.
The bat barely misses you. The hobgoblin hits you.
* * * LOW HITPOINT WARNING * * *
The giant cockroach bites you but does no damage. ๐Ÿ˜ฑ HP[-3]
You take 3 damage, and now have 2/24 hp.
You are too injured to fight recklessly!
You closely miss the hobgoblin. The bat barely misses you.
The hobgoblin closely misses you. The giant cockroach bites you.
* * * LOW HITPOINT WARNING * * *
Unknown command. ๐Ÿ˜ฑ HP[-1]
You take 1 damage, and now have 1/24 hp.
You hit the hobgoblin. The bat hits you but does no damage.
The hobgoblin hits you.
You die...

Skill      XL: |  1  2 |
---------------+-------+-----
Shapeshifting  | 1 |  1.0
Fighting       | |  3.4
Axes           | |  2.0
Armour         | |  3.4
Shields        | |  4.2
Unarmed Combat | |  0.5

Action                     || total
---------------------------++-------
  Melee: Unarmed           ||   131
         War axe           ||     2
 Armour: Scale mail        ||   119
  Dodge: Dodged            ||    83
  Block: Buckler           ||    36

Levels and vault maps discovered:
D:1:      tarquinn_simple_flora_water_f, layout_rooms,
          hellmonk_ecumenical_altar_defaced_shrine

Notes
Turn   | Place    | Note
-------+----------+-------------------------------------------
     0 | D:1      | ytrimaz the Formicid Fighter began the quest for the Orb.
     0 | D:1      | Reached XP level 1. HP: 18/18 MP: 1/1
     0 | D:1      | magus.rc [v1.9.6]
    84 | D:1      | Reached XP level 2. HP: 23/24 MP: 2/2
   297 | D:1      | Reached skill level 1 in Shapeshifting
   392 | D:1      | HP: 6/24 [frozen (1)]
   398 | D:1      | HP: 5/24 [giant cockroach (1)]
   400 | D:1      | HP: 2/24 [hobgoblin (3)]
   402 | D:1      | Slain by a hobgoblin

Vanquished Creatures
  A dart slug (D:1)
  A ball python (D:1)
  2 endoplasms (D:1)
  2 giant cockroaches (D:1)
  A hobgoblin (D:1)
  2 quokkas (D:1)
  2 bats (D:1)
  A rat (D:1)
12 creatures vanquished.

Table legend:
 A = Non-vault XP
 B = Vault XP
 C = Vault XP percentage of total XP
 D = Non-vault monster count
 E = Vault monster count
 F = Vault count percentage of total count
                 A         B        C        D         E       F
            +---------+---------+-------+---------+---------+-------
      Total |      24 |       0 |   0.0 |      12 |       0 |   0.0
            +---------+---------+-------+---------+---------+-------
        D:1 |      24 |       0 |   0.0 |      12 |       0 |   0.0
            +---------+---------+-------+---------+---------+-------

Skill      XL: |  1  2 |
---------------+-------+-----
Shapeshifting  | 1 |  1.0
Fighting       | |  3.4
Axes           | |  2.0
Armour         | |  3.4
Shields        | |  4.2
Unarmed Combat | |  0.5

Action                     || total
---------------------------++-------
  Melee: Unarmed           ||   131
         War axe           ||     2
 Armour: Scale mail        ||   119
  Dodge: Dodged            ||    83
  Block: Buckler           ||    36

Illustrated notes

Table legend:
 A = Kills in this place as a percentage of kills in the entire game.
 B = Kills by you in this place as a percentage of kills by you in the entire game.
 C = Kills by friends in this place as a percentage of kills by friends in the entire game.
 D = Other kills in this place as a percentage of other kills in the entire game.
 E = Experience gained in this place as a percentage of experience gained in the entire game.
 F = Experience gained in this place divided by the number of levels of this place that you have seen.
                   A       B       C       D       E      F
               +-------+-------+-------+-------+-------+----------------------
         Total | 100.0 | 100.0 |   N/A |   N/A | 100.0 |  24.0
       Dungeon | 100.0 | 100.0 |   N/A |   N/A | 100.0 |  24.0
               +-------+-------+-------+-------+-------+----------------------

Table legend: (Time is in decaauts)
 A = Elapsed time spent in this place.
 B = Non-inter-level travel time spent in this place.
 C = Inter-level travel time spent in this place.
 D = Time resting spent in this place.
 E = Time spent auto-exploring this place.
 F = Levels seen in this place.
 G = Mean time per level.
                   A        B        C        D        E       F      G
               +--------+--------+--------+--------+--------+-----+--------+
         Total |    404 |    404 |      0 |      0 |    207 |   1 |  404.0 |
       Dungeon |    404 |    404 |      0 |      0 |    207 |   1 |  404.0 |
               +--------+--------+--------+--------+--------+-----+--------+

Top non-repeatable levels by time:
     D:1: 404 daAuts
